 Dungeon Crawl Stone Soup version 0.28.0-53-g5a82cb258f (webtiles) character file.

Game seed: 12647322475116729723

97 bobregger the Cudgeller (level 4, 0/48 HPs)
             Began as an Ogre Berserker on July 31, 2022.
             Was a Believer of Trog.
             Killed by divine providence
             ... invoked by an orc priest
              (11 damage)
             ... on level 3 of the Dungeon.
             The game lasted 00:02:10 (2298 turns).

bobregger the Cudgeller (Ogre Berserker)            Turns: 2298, Time: 00:02:11

Health: 0/48       AC:  3    Str: 21    XL:     4   Next: 68%
Magic:  4/4        EV: 10    Int:  8    God:    Trog [**....]
Gold:   55         SH:  0    Dex: 10    Spells: 3/3 levels left

rFire   . . .      SeeInvis .   a - +0 mace
rCold   . . .      Faith    .   (no shield)
rNeg    . . .      Spirit   .   b - +0 animal skin
rPois   .          Reflect  .   (helmet restricted)
rElec   .          Harm     .   (no cloak)
rCorr   .          Rampage  .   (gloves unavailable)
Will    .....                   (boots unavailable)
Stlth   +.........              (no amulet)
HPRegen 0.16/turn               (no ring)
MPRegen 0.09/turn               (no ring)

@: on berserk cooldown, slowed, very slow
A: large, unfitting armour, tough skin 1
a: Renounce Religion, Berserk, Trog's Hand


You were on level 3 of the Dungeon.
You worshipped Trog.
Trog was pleased with you.
You visited 1 branch of the dungeon, and saw 3 of its levels.

You collected 55 gold pieces.

Inventory:

Hand Weapons
 a - a +0 mace (weapon)
Armour
 b - a +0 animal skin (worn)
Scrolls
 c - a scroll of teleportation {unknown}
 d - a scroll of silence {unknown}
 e - 2 scrolls of identify {unknown}
 f - a scroll of vulnerability {unknown}
Potions
 g - a potion of attraction {unknown}
 h - a potion of invisibility {unknown}
 i - a potion of flight {unknown}


   Skills:
 - Level 4.0 Fighting
 + Level 4.8 Maces & Flails
 - Level 2.6 Dodging


You had 3 spell levels left.
You didn't know any spells.
Your spell library was empty.

Dungeon Overview and Level Annotations

Branches:
Dungeon (3/15)

Altars:

Annotations:
D:3 Grinder, Jessica, Robin


Innate Abilities, Weirdness & Mutations

You are too large for most types of armour.
You have tough skin. (AC +1)


Message History

An endoplasm comes into view.
The endoplasm quivers.
You hit the goblin.
The goblin is severely wounded.
The goblin hits you with a +0 dagger.
Jessica the Apprentice Sorceress comes into view.
She is wielding a +0 club.
The goblin hits you but does no damage. x2
Robin roars a battlecry!
The goblins go into a battle-frenzy!
A red film seems to cover your vision as you go berserk!
You feel yourself moving faster!
You feel mighty! The goblin barely misses you. The orc completely misses you.
Grinder comes into view.
She is carrying a wand of flame (19).
The goblin hits you but does no damage. x2
You closely miss the goblin.
The goblin is severely wounded.
Grinder shouts!
The goblin hits you with a +0 dagger. The orc barely misses you.
The goblin hits you with a +0 dagger. x2
You sock the goblin!
You kill the goblin!
Trog accepts your kill. The goblin hits you with a +0 dagger.
An orc wizard comes into view. It is wielding a +0 dagger.
Things that are here:
a +0 dagger; a goblin corpse You feel a strong urge to attack something.
The orc priest invokes the aid of Beogh against you.
Beogh smites you!
The orc wizard shouts!
Grinder zaps a wand.
The puff of flame hits you.
* * * LOW HITPOINT WARNING * * *
The orc hits you with a +0 falchion.
* * * LOW HITPOINT WARNING * * *
You feel your anger nearly subside.
You are no longer berserk.
You are exhausted.
You feel yourself slow down.
The orc priest invokes the aid of Beogh against you.
Beogh smites you!
You die...

..#.. ##.... .
.... ...... ..
...#####.o..
...#... ..#.5.
......w##.#.##
......o.r.J..#
...(Joo##o#..#
.....ggg)o.@.#
...#ogg##....#
.....gg #....#
......gg.....#
.<.....#.....#
....#.##..#..#
..#.#. #..#...
... #.
#..#...#


You could see Grinder, 2 orc priests, an orc wizard, a dart slug, 3 orcs, 2
endoplasms, a quokka, 2 hobgoblins and 4 goblins.

Vanquished Creatures
  4 adders (D:2)
  A worm (D:2)
  2 dart slugs (D:2)
  4 bats
  4 endoplasms (D:2)
  3 giant cockroaches
  3 goblins
  5 hobgoblins
  4 jackals (D:2)
  9 kobolds
  A quokka (D:1)
  4 ball pythons
  4 frilled lizards
  3 rats
51 creatures vanquished.

Notes
Turn   | Place    | Note
-------+----------+-------------------------------------------
     0 | D:1      | bobregger the Ogre Berserker began the quest for the Orb.
     0 | D:1      | Reached XP level 1. HP: 24/24 MP: 1/1
   249 | D:1      | Reached XP level 2. HP: 31/32 MP: 2/2
   831 | D:1      | Found a faded altar of an unknown god.
   862 | D:1      | Reached XP level 3. HP: 37/39 MP: 3/3
  1040 | D:2      | Identified the +4 robe "Waitri" {rC++ Str+7 Stlth-}
  1371 | D:2      | Reached ** piety under Trog
  1577 | D:2      | Reached XP level 4. HP: 47/48 MP: 4/4
  2287 | D:3      | Noticed Robin
  2291 | D:3      | Noticed Jessica
  2292 | D:3      | Noticed Grinder
  2298 | D:3      | Killed from afar by an orc priest

Illustrated notes

Levels and vault maps discovered:
D:1:      nzn_arrival_depleted_hourglass, layout_basic,
          shapermc_ecumenical_altar_totnotflames, moated_statue,
          serial_park_tiny_2, st_stairs_13
D:2:      layout_loops_ring
D:3:      layout_basic, ashenzari_altar_1, uniq_robin, uniq_grinder,
          uniq_jessica

Skill      XL: |  1  2  3 |
---------------+----------+-----
Maces & Flails | 3 4 |  4.8
Fighting       | |  4.0
Dodging        | |  2.6

Action                   |  1- 3 |  4- 6 || total
-------------------------+-------+-------++-------
Melee: Mace              |   102 |    36 ||   138
Invok: Berserk           |     1 |     2 ||     3
Armor: Animal skin       |    35 |    15 ||    50
Dodge: Dodged            |    73 |    23 ||    96
